 Dungeon Crawl Stone Soup version 0.29-a0-982-gaed3a0c8d8 (webtiles) character file.

Game seed: 8731811128259933005

9 ytrimaz the Trooper (level 2, 19/24 HPs)
             Began as a Demonspawn Fighter on Aug 1, 2022.
             Quit the game on level 1 of the Dungeon.
             The game lasted 00:00:35 (286 turns).

ytrimaz the Trooper (Demonspawn Fighter)             Turns: 286, Time: 00:00:35

Health: 19/24      AC:  6    Str: 16    XL:     2   Next: 3%
Magic:  2/2        EV:  8    Int:  9    God:
Gold:   10         SH:  4    Dex: 14    Spells: 1/1 levels left

rFire   . . .      SeeInvis .   a - +0 war axe
rCold   . . .      Faith    .   c - +0 buckler
rNeg    . . .      Spirit   .   b - +0 scale mail
rPois   .          Reflect  .   (no helmet)
rElec   .          Harm     .   (no cloak)
rCorr   .          Rampage  .   (no gloves)
Will    .....                   (no boots)
Stlth   +.........              (no amulet)
HPRegen 0.08/turn               (no ring)
MPRegen 0.08/turn               (no ring)

@: no status effects
A: thin skeletal structure 1
a: no special abilities


You were on level 1 of the Dungeon.
You visited 1 branch of the dungeon, and saw 1 of its levels.

You collected 10 gold pieces.

Inventory:

Hand Weapons
 a - a +0 war axe (weapon)
Missiles
 e - a throwing net (quivered)
Armour
 b - a +0 scale mail (worn)
 c - a +0 buckler (worn)
Potions
 d - 3 potions of might


   Skills:
 + Level 3.3 Fighting
 + Level 2.1 Axes
 - Level 2.6 Armour
 - Level 2.6 Shields


You had one spell level left.
You didn't know any spells.
Your spell library contained the following spells:

 Spells                   Type           Power      Damage    Failure   Level
 Ozocubu's Armour         Ice            0%         N/A       99%         3
 Ozocubu's Refrigeration  Ice            0%         4d7       100%        7


Dungeon Overview and Level Annotations

Branches:
Dungeon (1/15)

Altars:


Innate Abilities, Weirdness & Mutations

You have a somewhat thin skeletal structure. (Dex +2, Stealth+)


Message History

The kobold is moderately wounded.
You slash the frilled lizard!
You kill the frilled lizard!
The bat hits you but does no damage. You block the kobold's attack.
The kobold barely misses you.
You miss the kobold.
The kobold is moderately wounded.
You miss the bat. The bat closely misses you. You block the bat's attack.
The kobold closely misses you.
You hit the kobold.
You kill the kobold!
The bat hits you.
You have reached level 2!
Your demonic ancestry asserts itself...
Your bones become slightly less dense.
You closely miss the bat. The bat hits you.
You miss the bat. The bat closely misses you.
The bat hits you but does no damage.
You barely miss the bat. The bat hits you. The bat barely misses you.
A bat is nearby!
The bat hits you but does no damage.
You see here a +0 whip.
The bat attacks as you move away! You block the bat's attack.
The bat hits you but does no damage. The bat barely misses you.
A bat is nearby!
A bat is nearby!
A bat is nearby!
You closely miss the bat. The bat closely misses you.
You barely miss the bat. You block the bat's attack. The bat barely misses you.
You block the bat's attack.
You barely miss the bat. The bat closely misses you. The bat hits you.
You block the bat's attack.
You see here a +0 whip.
The bat barely misses you.
There is an open door here.
The bat hits you but does no damage.
You hit the bat.
You kill the bat!
No target in view!
Are you sure you want to abandon this character and quit the game? (Confirm with "yes".)

#############
............######
#.....†......#
#.'########'.##
#.#....@...#..#
...#)'####'.#..#
###.#.#....#.#..#
#.#.#.##.#†#).#
#.#$#.##.#.#..##
#.#.#....#.#...#
..#.'####'.#.#.#
#........#.#.#
'########'...#


There were no monsters in sight!

Vanquished Creatures
  3 goblins (D:1)
  2 kobolds (D:1)
  2 bats (D:1)
  2 frilled lizards (D:1)
9 creatures vanquished.

Notes
Turn   | Place    | Note
-------+----------+-------------------------------------------
     0 | D:1      | ytrimaz the Demonspawn Fighter began the quest for the Orb.
     0 | D:1      | Reached XP level 1. HP: 18/18 MP: 1/1
   272 | D:1      | Gained mutation: You have a somewhat thin skeletal
                  | structure. (Dex +2, Stealth+) [demonic ancestry]
   272 | D:1      | Reached XP level 2. HP: 21/24 MP: 2/2
   286 | D:1      | Quit the game

Illustrated notes

Levels and vault maps discovered:
D:1:      evilmike_arrival_plus, layout_loops_ring, st_stairs_1, minivault_11,
          item_on_display_a

Skill      XL: |  1 |
---------------+----+-----
Axes           | 2 |  2.1
Fighting       | |  3.3
Armour         | |  2.6
Shields        | |  2.6

Action                   || total
-------------------------++-------
Melee: War axe           ||    23
Armor: Scale mail        ||    12
Dodge: Dodged            ||    14
Block: Buckler           ||     7

Table legend: (Time is in decaauts)
 A = Elapsed time spent in this place.
 B = Non-inter-level travel time spent in this place.
 C = Inter-level travel time spent in this place.
 D = Time resting spent in this place.
 E = Time spent auto-exploring this place.
 F = Levels seen in this place.
 G = Mean time per level.
                   A        B        C        D        E       F      G
               +--------+--------+--------+--------+--------+-----+--------+
         Total |    296 |    296 |      0 |      0 |    223 |   1 |  296.0 |
       Dungeon |    296 |    296 |      0 |      0 |    223 |   1 |  296.0 |
               +--------+--------+--------+--------+--------+-----+--------+

Top non-repeatable levels by time:
     D:1: 296 daAuts
